 Dungeon Crawl Stone Soup version 0.29.1-12-g30fa7ad0bf (webtiles) character file.

Game seed: 3259168629363640586

195627 Gabide the Warrior (level 17, -11/155 HPs)
             Began as a Mummy Berserker on Dec 15, 2022.
             Was a High Priest of Trog.
             Killed from afar by a spark wasp (20 damage)
             ... with a living lightning
             ... on level 3 of the Lair of Beasts.
             The game lasted 01:54:55 (33193 turns).

Gabide the Warrior (Mummy Berserker)               Turns: 33193, Time: 01:54:56

Health: -11/155    AC: 24    Str: 27    XL:     17   Next: 71%
Magic:  17/17      EV: 19    Int:  8    God:    Trog [*****.]
Gold:   1332       SH:  0    Dex: 11    Spells: 16/16 levels left

rFire   . . .      SeeInvis .     - Unarmed
rCold   + . .      Faith    .   (no shield)
rNeg    + + +      Spirit   .   f - +4 troll leather armour
rPois   ∞          Reflect  .   g - +2 helmet
rElec   .          Harm     .   o - +2 cloak of the Moon {rF+ Will+}
rCorr   .          Rampage  .   T - +2 pair of gloves
Will    +++..                   y - +2 pair of boots of Failure {rPois}
Stlth   +.........              (no amulet)
HPRegen 1.15/turn               h - +4 ring of protection
MPRegen 0.15/turn               Y - +4 ring of evasion

@: studying Fighting
A: cold resistance 1, negative energy resistance 3, torment resistance 2, heat
vulnerability 1, in touch with death 2, no potions
}: 1/15 runes: barnacled
a: Renounce Religion, Trog's Hand, Brothers in Arms


You were on level 3 of the Lair of Beasts.
You worshipped Trog.
Trog was extremely pleased with you.
You visited 5 branches of the dungeon, and saw 27 of its levels.
You also visited: Bailey, Gauntlet and Ice Cave.

You collected 2846 gold pieces.
You spent 1514 gold pieces at shops.

Inventory:

Hand Weapons
 a - a +4 sling of flaming
 x - a +7 antimagic great sword
 M - the +7 lajatang of the Blessed Realm {flame, Will++ Dex-4}
   (Trog gifted it to you on level 13 of the Dungeon)

   It burns those it strikes, dealing additional fire damage.
   Big, fiery blades are also staple armaments of hydra-hunters.
   Dex:       It affects your dexterity (-4).
   Will:      It greatly increases your willpower.
 S - a +0 demon blade of venom
Missiles
 q - a silver javelin
 H - 2 atropa-tipped darts
 O - 32 boomerangs (quivered)
 Z - a throwing net
Armour
 b - a scarf of repulsion
 c - a +2 scale mail of fire resistance
 f - a +4 troll leather armour (worn)
 g - a +2 helmet (worn)
 o - the +2 cloak of the Moon (worn) {rF+ Will+}
   (You found it in a bailey)

   rF:        It protects you from fire.
   Will:      It increases your willpower.
 y - the +2 pair of boots of Failure (worn) {rPois}
   (You found it in a Gauntlet)

   rPois:     It protects you from poison.
 R - +0 ice dragon scales
 T - a +2 pair of gloves (worn)
Jewellery
 h - a +4 ring of protection (left hand)
 k - a ring of resist corrosion
 m - a ring of willpower
 B - a ring of willpower
 J - a ring of see invisible
 Y - a +4 ring of evasion (right hand)
Wands
 i - a wand of flame (26)
 r - a wand of paralysis (6)
 s - a wand of digging (7)
 t - a wand of mindburst (17)
 z - a wand of iceblast (24)
 C - a wand of polymorph (3)
 N - a wand of acid (2)
Scrolls
 d - 2 scrolls of butterflies
 j - 8 scrolls of teleportation
 l - 5 scrolls of magic mapping
 p - 4 scrolls of enchant weapon
 v - 4 scrolls of silence
 A - 22 scrolls of identify
 E - a scroll of immolation
 F - 3 scrolls of enchant armour
 I - a scroll of vulnerability
 V - 3 scrolls of poison
Miscellaneous
 w - a condenser vane
 G - a lightning rod (4/4)
 K - a phial of floods
 W - a phantom mirror (inert)


   Skills:
 - Level 20.0 Fighting
 - Level 2.0 Armour
 - Level 10.0 Dodging
 * Level 19.8 Unarmed Combat


You had 16 spell levels left.
You didn't know any spells.
Your spell library was empty.

Dungeon Overview and Level Annotations

Branches:
Dungeon (15/15)            Temple (0/1) D:6            Lair (5/5) D:11
 Shoals (4/4) Lair:2       Spider (1/4) Lair:3        Slime (0/5) Lair:4
    Orc (2/2) D:9             Elf (0/3) Orc:2        Vaults (0/5) D:13
 Depths (0/4) D:15         Bailey (visited)           IceCv (visited)
Gauntlet (visited)

Altars:
Cheibriados
Dithmenos
Gozag
Kikubaaqudgha
Qazlal
Sif Muna
Uskayaw
Vehumet

Shops:
D:8 :   Orc:1 [   Orc:2 [(([(   Shoals:4 *

Annotations:
D:6 Prince Ribbit
Shoals:4 3 exclusions


Innate Abilities, Weirdness & Mutations

You are immune to poison.
Your flesh is cold resistant. (rC+)
You are immune to negative energy. (rN+++)
You are immune to unholy pain and torment.
You are vulnerable to heat. (rF-)
You are strongly in touch with the powers of death.
You do not drink.


Message History

The wolf spider completely misses you. The wolf spider barely misses you.
The wolf spider hits you.
The wolf spider bites you but does no damage.
The spark wasp closely misses you. The wolf spider misses you.
The wolf spider completely misses you. The wolf spider misses you.
The wolf spider closely misses you.
You climb upwards.
Welcome back to the Lair of Beasts!
There is a hole to the Spider Nest here.
You closely miss the spark wasp. You punch the spark wasp!
The spark wasp is almost dead.
The spark wasp stings you! The spark wasp shocks you!
* * * LOW HITPOINT WARNING * * *
The wolf spider misses you.
The wolf spider bites you but does no damage.
The wolf spider hits you but does no damage.
The wolf spider bites you.
* * * LOW HITPOINT WARNING * * *
Your iron troll goes berserk!
The spark wasp misses you. The wolf spider hits you!
* * * LOW HITPOINT WARNING * * *
The wolf spider bites you but does no damage.
The wolf spider hits you but does no damage.
The wolf spider barely misses you.
The spark wasp bursts into living lightning!
The living lightning misses you.
The spark wasp blinks!
Okay, then.
Unknown command.
Unknown command.
The wolf spider misses you. The wolf spider barely misses you.
The wolf spider hits you!
* * * LOW HITPOINT WARNING * * *
The wolf spider misses you. The wolf spider closely misses you.
The wolf spider barely misses you.
As you read the scroll labelled WESUWK PUAM, it crumbles to dust.
It is a scroll of brand weapon.
Your +0 demon blade of freezing drips with poison.
S - a +0 demon blade of venom The spark wasp bursts into living lightning!
The living lightning hits you!!
You die...

#..~≈≈≈§≈≈≈~~......~.~.~.~.~.~.~♣
#...~≈≈≈≈≈§≈§~~~...~~~..~.~~...~♣
.....~~≈≈§§§§≈..~♣~...~~.~..~~~..
......~≈≈§~~......~.~.~.~.~.~.~..
#......~≈§§.§.....♣~..~~~...~~.♣.
..~....~≈§~.........~....~~~~.~..
.~~~....~~.§.....T.♣.~.~.~.~.~♣##
.≈~....!.~......sy....~..~~.~♣~#
#...............@s.#..♣~~....#~##
.......##.##.#...#.#......♣......
........###.###..#.#......#......
......#..#### #..................
......#### #..............†...
.....## #######..###.#.....
..#### ##.# ###!###. P#.# ### ###
## ####


You could see a spark wasp, 2 wolf spiders and a friendly iron troll (summoned,
berserk).

Vanquished Creatures
  3 krakens
  Kirke (D:15)
  Roxanne (Shoals:1)
  A frost giant (IceCv)
  A minotaur (Gauntlet)
  2 merfolk impalers
  A merfolk javelineer (Shoals:4)
  Erolcha (Orc:2)
  An ice dragon (Orc:1)
  A vault guard (D:13)
  4 boulder beetles
  A rakshasa (D:15)
  4 merfolk avatars
  5 catoblepae
  4 two-headed ogres
  11 hydras
  8 centaur warriors
  3 merfolk aquamancers
  A satyr (Shoals:3)
  16 death yaks
  2 tengu warriors (D:13)
  An orc high priest (Orc:1)
  Urug (Lair:5)
  Sonja (Orc:2)
  2 fire crabs
  A glowing orange brain (D:15)
  10 sea snakes
  The ghost of H0rd4k the Martial Artist, a novice OpAr (D:8)
  A lindwurm (Lair:2)
  A wizard (D:14)
  Pikel (D:4)
  5 deep elf pyromancers
  24 harpies
  A harpy (shapeshifter) (D:14)
  23 ugly things
  A wolf spider (Lair:3)
  17 manticores
  10 fauns
  7 orc sorcerers (Orc:2)
  8 cyclopes
  An ice statue (IceCv)
  A moth of wrath (shapeshifter) (D:14)
  15 merfolk sirens
  Maurice (D:9)
  8 elephants
  5 black mambas
  4 water nymphs
  23 cane toads
  4 gargoyles
  A torpor snail (Gauntlet)
  A minotaur zombie (Gauntlet)
  A kobold demonologist (D:12)
  8 rime drakes
  An efreet (D:14)
  9 komodo dragons
  A tengu conjurer (D:13)
  A queen bee (shapeshifter) (D:14)
  10 polar bears
  5 meliai
  A meliai (shapeshifter) (D:14)
  8 trolls
  11 hornets (D:10)
  3 wind drakes
  A hornet (shapeshifter) (D:15)
  30 merfolk
  11 slime creatures
  20 dream sheep
  11 blink frogs
  Grinder (D:4)
  6 snapping turtles
  2 centaur simulacra (D:14)
  2 culicivoras (Spider:1)
  8 wyverns
  A culicivora (shapeshifter) (D:14)
  3 shadows (Gauntlet)
  A vampire (Bailey)
  15 water elementals
  2 wraiths
  A basilisk (shapeshifter) (D:15)
  2 hogs (D:15)
  102 yaks
  11 humans (D:13)
  3 fire bats
  6 basilisks
  8 vampire mosquitoes
  Edmund (D:4)
  5 wargs
  2 acid dragons
  A floating eye (shapeshifter) (D:14)
  13 water moccasins
  10 orc warriors
  A sky beast (D:7)
  4 black bears
  10 centaurs
  7 ogres
  23 wolves
  A phantom (D:5)
  3 lemures
  6 kobold brigands
  Blork the orc (D:4)
  16 bullfrogs
  2 gnoll sergeants
  A necrophage (D:6)
  2 scorpions
  17 wights
  6 killer bees (D:10)
  8 vampire bats (Bailey)
  3 electric eels
  6 howler monkeys
  6 wolf zombies (Bailey)
  3 hounds
  5 jellies
  9 orc priests
  2 gnoll boudas
  A hell rat (Lair:3)
  8 iguanas
  41 orc wizards
  Robin (D:2)
  26 gnolls
  4 adders
  2 shadow imps (D:6)
  2 white imps
  2 ufetubi
  4 worms (D:10)
  A dart slug (D:5)
  88 orcs
  10 bats
  10 endoplasms
  6 giant cockroaches
  23 goblins
  11 hobgoblins
  2 jackals (D:1)
  5 quokkas
  4 ball pythons
  40 kobolds
  17 orc zombies (Bailey)
  2 rats (D:2)
  A tentacle (Shoals:2)
1043 creatures vanquished.

Vanquished Creatures (collateral kills)
  A dire elephant (Lair:2)
  The ghost of MacCMillion the Geomancer, a journeyman GrEE of Vehumet (Lair:3)
  3 merfolk impalers (Shoals:4)
  A catoblepas (Lair:2)
  A merfolk aquamancer (Shoals:4)
  A centaur warrior (D:14)
  2 alligator snapping turtles (Shoals:4)
  A sea snake (Shoals:4)
  4 slime creatures (D:14)
  2 fauns (Shoals:2)
  A merfolk siren (Shoals:2)
  A gargoyle (D:14)
  3 merfolk (Shoals:4)
  A wind drake (Shoals:2)
  A snapping turtle (Shoals:4)
  5 tentacles
29 creatures vanquished.

Vanquished Creatures (others)
  2 orc wizards (Orc:2)
  An orc (Orc:2)
  13 fungi
  61 plants
  17 tentacles
  15 toadstools (Lair:2)
109 creatures vanquished.

Grand Total: 1181 creatures vanquished

Notes
Turn   | Place    | Note
-------+----------+-------------------------------------------
     0 | D:1      | Gabide the Mummy Berserker began the quest for the Orb.
     0 | D:1      | Reached XP level 1. HP: 18/18 MP: 1/1
   150 | D:1      | Reached XP level 2. HP: 15/24 MP: 2/2
   830 | D:1      | Gained mutation: You are in touch with the powers of death.
                  | [Mummy growth]
   830 | D:1      | Reached XP level 3. HP: 29/29 MP: 3/3
  1034 | D:1      | Reached ** piety under Trog
  1317 | D:2      | Noticed Robin
  1394 | D:2      | Killed Robin
  1395 | D:2      | Reached XP level 4. HP: 8/35 MP: 4/4
  2117 | D:2      | Found a faded altar of an unknown god.
  2591 | D:3      | Found a hide-covered altar of Uskayaw.
  2930 | D:4      | Noticed Grinder
  2931 | D:4      | Paralysed by Grinder for 2 turns
  2979 | D:4      | Killed Grinder
  2980 | D:4      | Reached skill level 4 in Fighting
  2980 | D:4      | Reached XP level 5. HP: 29/43 MP: 5/5
  2980 | D:4      | Reached XP level 6. HP: 33/49 MP: 6/6
  3289 | D:4      | Noticed Blork the orc
  3312 | D:4      | Killed Blork the orc
  3435 | D:4      | Reached skill level 5 in Fighting
  3826 | D:4      | Noticed Edmund
  3858 | D:4      | Noticed Pikel
  4068 | D:5      | Entered Level 5 of the Dungeon
  4090 | D:5      | Noticed Prince Ribbit
  4311 | D:5      | Reached XP level 7. HP: 56/56 MP: 7/7
  4751 | D:5      | Reached *** piety under Trog
  4761 | D:5      | Reached skill level 5 in Unarmed Combat
  5061 | D:5      | Found a stormy altar of Qazlal.
  5385 | D:5      | Reached skill level 6 in Fighting
  5989 | D:6      | Reached XP level 8. HP: 64/64 MP: 8/8
  6019 | D:6      | Found an ancient bone altar of Kikubaaqudgha.
  6072 | D:6      | Found a snail-covered altar of Cheibriados.
  6122 | D:6      | Found a staircase to the Ecumenical Temple.
  6412 | D:4      | Killed Pikel
  6413 | D:4      | Reached skill level 7 in Fighting
  6586 | D:4      | Reached skill level 8 in Fighting
  7433 | D:4      | Killed Edmund
  7434 | D:4      | Reached XP level 9. HP: 51/74 MP: 9/9
  7764 | D:6      | You fall into a shaft and drop 1 floor!
  7766 | D:7      | Found a flagged portal.
  7782 | Bailey   | Entered a bailey
  7827 | Bailey   | Reached **** piety under Trog
  7919 | Bailey   | Noticed a gargoyle
  7928 | Bailey   | Killed a gargoyle
  7975 | Bailey   | Identified the +2 robe "Ziaff" {rElec rPois Int-5}
  8154 | Bailey   | Identified the +2 cloak of the Moon {rF+ Will+}
  8344 | D:7      | Reached skill level 9 in Fighting
  8609 | D:7      | Reached XP level 10. HP: 83/83 MP: 10/10
  8812 | D:6      | Found a radiant altar of Vehumet.
  9084 | D:7      | Reached skill level 5 in Dodging
  9109 | D:8      | Reached ***** piety under Trog
  9271 | D:8      | Found a large runed translucent door.
  9271 | D:8      | Found a large runed translucent door.
  9312 | D:8      | Found Haoqyjoj's Book Shoppe.
  9340 | D:8      | Reached skill level 10 in Fighting
  9457 | D:8      | Found an opulent altar of Gozag.
  9593 | D:8      | Noticed H0rd4k's ghost (novice OpAr)
  9608 | D:8      | Killed H0rd4k's ghost
  9644 | D:9      | Found a staircase to the Orcish Mines.
  9662 | D:9      | Reached skill level 10 in Unarmed Combat
  9754 | D:9      | Noticed Maurice
  9773 | D:9      | Killed Maurice
  9925 | D:9      | Noticed a two-headed ogre
  9939 | D:9      | Killed a two-headed ogre
  9940 | D:9      | Reached skill level 11 in Fighting
  9940 | D:9      | Reached XP level 11. HP: 51/93 MP: 11/11
 10550 | D:10     | Entered Level 10 of the Dungeon
 10563 | D:10     | Received a gift from Trog
 10658 | D:10     | Found a shadowy altar of Dithmenos.
 11309 | D:10     | Reached skill level 12 in Fighting
 11717 | D:11     | Found a gate leading to a gauntlet.
 11771 | Gauntlet | Entered a Gauntlet
 11771 | Gauntlet | Found a transporter.
 11771 | Gauntlet | Found a transporter.
 11772 | Gauntlet | Found a transporter.
 11773 | Gauntlet | Found a transporter.
 11773 | Gauntlet | Found a transporter.
 11776 | Gauntlet | Found a transporter.
 11785 | Gauntlet | Found a transporter.
 11786 | Gauntlet | Found a transporter.
 11789 | Gauntlet | Found a transporter.
 11791 | Gauntlet | Found a transporter.
 11791 | Gauntlet | Noticed a wizard
 11795 | Gauntlet | Found a runed translucent door.
 11797 | Gauntlet | Found a transporter.
 11798 | Gauntlet | Found a transporter.
 11798 | Gauntlet | Noticed a wizard
 11940 | Gauntlet | Reached XP level 12. HP: 61/102 MP: 12/12
 12010 | Gauntlet | Identified the +2 pair of boots of Failure {rPois}
 12072 | Gauntlet | Noticed a minotaur
 12109 | Gauntlet | Killed a minotaur
 12354 | D:11     | Found a staircase to the Lair.
 12946 | Lair:1   | Entered Level 1 of the Lair of Beasts
 13249 | Lair:1   | Reached skill level 13 in Fighting
 14162 | Lair:2   | Found a staircase to the Shoals.
 14252 | Lair:2   | Noticed a catoblepas
 14289 | Lair:2   | Killed a catoblepas
 14383 | Lair:2   | Received a gift from Trog
 14454 | Lair:2   | Noticed a four-headed hydra
 14460 | Lair:2   | Killed a four-headed hydra
 14461 | Lair:2   | Noticed a death yak
 14478 | Lair:2   | Killed a death yak
 14533 | Lair:2   | Identified the +4 hand axe of Fuemex {antimagic, Contam rF-
                  | rC+++ rN+}
 14536 | Lair:2   | Noticed a dire elephant
 14603 | Lair:2   | Gained mutation: You are strongly in touch with the powers
                  | of death. [Mummy growth]
 14603 | Lair:2   | Reached XP level 13. HP: 98/112 MP: 13/13
 14689 | Lair:2   | Found a runed translucent door.
 14911 | Lair:2   | Reached skill level 14 in Fighting
 15310 | Lair:2   | Killed a dire elephant
 15989 | Lair:3   | Found a hole to the Spider Nest.
 16052 | Lair:3   | Found a large runed translucent door.
 16052 | Lair:3   | Found a large runed translucent door.
 16053 | Lair:3   | Noticed MacCMillion's ghost (journeyman GrEE)
 16367 | Lair:3   | Reached skill level 15 in Fighting
 17513 | Lair:3   | Received a gift from Trog
 17561 | Lair:3   | Reached XP level 14. HP: 78/123 MP: 14/14
 18002 | Lair:3   | Killed MacCMillion's ghost
 18075 | Lair:3   | Identified the +1 robe of Defence {Str+3}
 18933 | Lair:4   | Reached skill level 16 in Fighting
 18938 | Lair:4   | Reached skill level 15 in Unarmed Combat
 18988 | Lair:4   | Found a staircase to the Slime Pits.
 19135 | Lair:5   | Entered Level 5 of the Lair of Beasts
 19802 | Lair:5   | Noticed Urug
 20011 | Lair:5   | Killed Urug
 20626 | Lair:5   | Identified the +11 morningstar of Uzxa Fao {vorpal, Str-3
                  | Int+3 Dex+3}
 21276 | D:12     | Reached XP level 15. HP: 96/132 MP: 15/15
 21466 | D:13     | Identified the +7 lajatang of the Blessed Realm {flame,
                  | Will++ Dex-4} (Trog gifted it to you on level 13 of the
                  | Dungeon)
 21466 | D:13     | Received a gift from Trog
 21765 | D:13     | Found a gate to the Vaults.
 22488 | D:14     | Found a shimmering blue altar of Sif Muna.
 22538 | D:14     | Reached skill level 17 in Fighting
 23956 | D:15     | Entered Level 15 of the Dungeon
 24448 | D:15     | Noticed Kirke
 24462 | D:15     | Killed Kirke
 24463 | D:15     | Reached XP level 16. HP: 143/143 MP: 16/16
 24802 | D:15     | Found a staircase to the Depths.
 24999 | Orc:1    | Entered Level 1 of the Orcish Mines
 25057 | Orc:1    | Reached ****** piety under Trog
 25078 | Orc:1    | Reached skill level 18 in Fighting
 25223 | Orc:1    | Found a frozen archway.
 25236 | IceCv    | Entered an ice cave
 25285 | IceCv    | Received a gift from Trog
 26499 | Orc:2    | Entered Level 2 of the Orcish Mines
 26519 | Orc:2    | Noticed Erolcha
 26582 | Orc:2    | Killed Erolcha
 26587 | Orc:2    | Received a gift from Trog
 26617 | Orc:2    | Found a staircase to the Elven Halls.
 26671 | Orc:2    | Found Atzouquk's Weapon Shop.
 26711 | Orc:2    | Found Erhah's Armour Emporium.
 26755 | Orc:2    | Bought a +0 pair of gloves for 63 gold pieces
 26999 | Orc:2    | Found a radiant altar of Vehumet.
 27001 | Orc:2    | Noticed Sonja
 27008 | Orc:2    | Killed Sonja
 27025 | Orc:2    | Found Vuotaguosy's Antique Weapon Emporium.
 27099 | Orc:2    | Reached skill level 10 in Dodging
 27099 | Orc:2    | Found Joif's Antique Armour Emporium.
 27134 | Orc:2    | Found Nash's Weapon Shop.
 27297 | Orc:1    | Found Mitu's Armour Boutique.
 27316 | Orc:1    | Received a gift from Trog
 27660 | Shoals:1 | Entered Level 1 of the Shoals
 28037 | Shoals:1 | Identified the +8 quarterstaff of the Warrior-Mage
                  | {antimagic, Fragile rElec rC+}
 28241 | Shoals:1 | Noticed Roxanne
 28254 | Shoals:1 | Killed Roxanne
 28708 | Shoals:2 | Reached skill level 19 in Fighting
 29511 | Shoals:2 | Received a gift from Trog
 29550 | Shoals:2 | Noticed a kraken
 29563 | Shoals:2 | Killed a kraken
 29817 | Shoals:3 | Reached XP level 17. HP: 153/153 MP: 17/17
 30999 | Shoals:4 | Entered Level 4 of the Shoals
 31416 | Shoals:4 | Noticed a kraken
 31541 | Shoals:4 | Reached skill level 20 in Fighting
 31637 | Shoals:4 | Got a barnacled rune of Zot
 31982 | Shoals:3 | Identified the +7 great sword of Brawling {vorpal, Dex+2}
                  | (Trog gifted it to you on level 3 of the Shoals)
 31982 | Shoals:3 | Received a gift from Trog
 32818 | Shoals:4 | Found Esiel's General Store.
 32818 | Shoals:4 | Found Cofown's Specific Store.
 32830 | Shoals:4 | Bought a scroll of silence for 171 gold pieces
 32834 | Shoals:4 | Bought a manual of Fighting for 1280 gold pieces
 32987 | Shoals:4 | Noticed a kraken
 33006 | Shoals:4 | Killed a kraken
 33014 | Shoals:4 | Killed a kraken
 33176 | Spider:1 | Entered Level 1 of the Spider Nest
 33193 | Lair:3   | Killed from afar by a spark wasp

Illustrated notes

Levels and vault maps discovered:
D:1:      dpeg_arrival_orchard, layout_loops_cross, minmay_tetromino_o2
D:2:      layout_basic, basic_ecumenical_altar, uniq_robin
D:3:      layout_rooms, nicolae_uskayaw_suspiria
D:4:      layout_basic, pf_guarded_unrand_woodcutter, uniq_edmund, uniq_pikel,
          uniq_blork_the_orc, uniq_grinder
D:5:      layout_loops_ring, grunt_qazlal_sundering, uniq_prince_ribbit1
D:6:      layout_rooms, mainiacjoe_overflow_two_lobes,
          mainiacjoe_overflow_alcove_4, minmay_temple_entry_mini_moons
D:7:      layout_basic, enter_bailey_5
D:8:      layout_cave_pools, pdpol_temple_overflow_zin_treasury_gozag_greed,
          ebering_ghost_disaster_area, serial_shops, nicolae_shop_hallway_stairs
D:9:      layout_loops_ring, david_orc_2, uniq_maurice
D:10:     layout_roguey, nicolae_overflow_crystal_walls, hive_lemuel
D:11:     lemuel_troll_bridge, layout_irregular_city, lair_entry_dummy,
          gauntlet_entry_generic, serial_rivers, chequers_serial_rivers_micro_c,
          chequers_serial_rivers_large_a, chequers_serial_rivers_room_b,
          chequers_serial_rivers_small_b, chequers_serial_rivers_room_a
D:12:     layout_big_octagon
D:13:     layout_rooms, ximxim_vaults_locker_room,
          hangedman_abyss_or_decor_stagger
D:14:     minmay_quarter_circles, layout_irregular_city,
          lemuel_coloured_pillars_altar
D:15:     gammafunk_enter_depths_forms, layout_irregular_city,
          grunt_decor_clamped, uniq_kirke
Lair:1:   layout_small_grid, infiniplex_staircase_pool, grunt_megastairs_1
Lair:2:   gammafunk_lair_enchanted_lake, layout_regular_city,
          minmay_shoals_entry_lonely_mermaid, grunt_megastairs_2,
          lemuel_fruit_fields, lemuel_fruit_tree
Lair:3:   nzn_winding_woodlands_huge [nzn_winding_woodlands_5x15_zeroes,
          nzn_winding_woodlands_5x15_crooked,
          nzn_winding_woodlands_5x15_pathside_ponds,
          nzn_winding_woodlands_5x15_longhouse,
          nzn_winding_woodlands_5x15_sidewinder,
          nzn_winding_woodlands_5x15_twine, nzn_winding_woodlands_5x15_pool,
          nzn_winding_woodlands_5x15_lazy_stream,
          nzn_winding_woodlands_5x15_parted, nzn_winding_woodlands_5x15_default,
          nzn_winding_woodlands_center_garden,
          nzn_winding_woodlands_center_pierced_h,
          nzn_winding_woodlands_15x15_killbox], layout_gridlike,
          dummy_spider_entry, ebering_ghost_disaster_area,
          nicolae_quartered_pool_medium, lemuel_old_faithful
Lair:4:   layout_cave_pods, dpeg_slime_entry_enclosed, grunt_megastairs_3
Lair:5:   evilmike_catoblepas_cave, layout_cave_shapes, grunt_megastairs_5,
          uniq_urug
Shoals:1: layout_shoals, uniq_roxanne
Shoals:2: layout_shoals
Shoals:3: layout_shoals, hangedman_shoal_volcano, uniq_mlioglotl
Shoals:4: shoals_end_simple, layout_shoals, nicolae_specific_store
Spider:1: layout_spider_delve, nicolae_crawler_farm
Orc:1:    layout_diamond_mine, serial_shops, shop,
          portal_ice_cave_entry_animals_and_master
Orc:2:    st_orc_town, layout_caves, basic_altar, serial_shops,
          nicolae_shop_hallway_plus, uniq_erolcha, uniq_sonja

Skill      XL: |  1  2  3  4  5  6  7  8  9 10 11 12 13 14 15 16 17 |
---------------+----------------------------------------------------+-----
Armour         | 2 |  2.0
Dodging        | 2 3 4 6 7 8 9 10 | 10.0
Unarmed Combat | 3 4 5 7 8 10 12 13 14 16 17 18 19 | 19.8
Fighting       | 4 5 6 8 9 11 12 13 15 16 17 19 20 | 20.0

Action                   |  1- 3 |  4- 6 |  7- 9 | 10-12 | 13-15 | 16-18 || total
-------------------------+-------+-------+-------+-------+-------+-------++-------
Melee: Unarmed           |   198 |   246 |    89 |   305 |  1463 |  1336 ||  3637
       Punch             |     5 |     7 |     8 |    28 |   198 |   156 ||   402
       Short sword       |       |       |   204 |       |       |       ||   204
       Battleaxe         |       |       |   190 |   550 |       |       ||   740
 Fire: Sling             |       |    15 |    51 |     2 |       |       ||    68
Throw: Throwing net      |       |     1 |     4 |     1 |     1 |       ||     7
       Boomerang         |       |       |    70 |       |       |    35 ||   105
       Dart              |       |       |       |     4 |    17 |     5 ||    26
       Javelin           |       |       |       |       |    17 |       ||    17
Invok: Trog's Hand       |     1 |     2 |     3 |     3 |     8 |    10 ||    27
       Brothers in Arms  |       |       |       |     1 |     4 |     9 ||    14
Evoke: Wand              |       |       |       |    13 |    23 |    15 ||    51
       Condenser vane    |       |       |       |     1 |     1 |     1 ||     3
       Phantom mirror    |       |       |       |       |       |     1 ||     1
  Use: Scroll            |       |     9 |     7 |    13 |    10 |     7 ||    46
 Stab: Paralysed         |       |       |       |     3 |    15 |     3 ||    21
       Petrified         |       |       |       |       |    12 |       ||    12
       Distracted        |       |       |       |       |       |     4 ||     4
       Confused          |       |       |       |       |       |     2 ||     2
Armor: Ring mail         |    72 |    90 |    67 |       |       |       ||   229
       Animal skin       |     1 |       |       |       |       |       ||     1
       Troll leather arm |       |       |   121 |   462 |   748 |   709 ||  2040
       Ice dragon scales |       |       |       |       |       |    71 ||    71
Dodge: Dodged            |   126 |   108 |   346 |   678 |   833 |  1208 ||  3299
